Map: Winter's Gate LE

Players

pHARM

  • Race: Zerg Zerg
  • League: Platinum
  • Spawn Location: 5:00

Zippri - Winner!

  • Race: Protoss Protoss
  • League: Platinum
  • Spawn Location: 11:00

VOD

Have the link to the VOD?

Description

Time

  • Played on: Sept. 1, 2019, 10:13 a.m.
  • Length: 17:16
Show
View Real Time Build Order
Export as new Build Order

pHARM Zerg 

Build Orders: Hatch First, Roach Hydra 

Get SALT Encoding   

  12  0:01  Drone  
  13  0:12  Overlord  
  13  0:24  Drone  
  14  0:34  Drone x2  
  16  0:50  Hatchery  
  15  1:06  Drone  
  15  1:07  Drone x2  
  18  1:24  Spawning Pool  
  18  1:25  Drone  
  18  1:30  Drone  
  19  1:42  Drone  
  20  1:48  Extractor  
  20  1:54  Drone  
  20  2:07  Overlord  
  20  2:15  Queen x2  
  24  2:17  Drone x3  
  27  2:36  Drone  
  28  2:37  Drone x3  
  31  2:46  Drone x2  
  33  2:52  Pneumatized Carapace  
  33  2:54  Hatchery  
  32  3:03  Drone x2  
  34  3:06  Overlord  
  34  3:16  Overlord  
  34  3:23  Queen  
  36  3:29  Drone  
  36  3:30  Drone x7  
  36  3:33  Overlord  
  44  3:35  Queen  
  46  3:50  Drone  
  46  3:51  Drone x2  
  46  3:53  Extractor  
  46  3:54  Extractor  
  47  3:59  Drone  
  48  4:11  Drone x8  
  56  4:28  Lair  
  56  4:34  Spore Crawler  
  56  4:37  Spore Crawler  
  54  4:48  Spore Crawler  
  54  4:50  Overlord x4  
  53  5:01  Overlord x3  
  51  5:37  Queen  
  51  5:38  Queen x2  
  51  5:42  Drone  
  58  5:43  Hydralisk Den  
  57  6:02  Drone x4  
  57  6:03  Drone x13  
  74  6:07  Extractor  
  74  6:08  Extractor  
  72  6:24  Grooved Spines  
  72  6:25  Metabolic Boost  
  72  6:31  Drone x2  
  74  6:34  Hatchery  
  73  6:53  Roach Warren  
  72  6:54  Drone x2  
  72  6:55  Drone  
  72  6:56  Evolution Chamber x2  
  73  7:11  Hydralisk  
  73  7:12  Hydralisk x11  
  97  7:23  Overlord x5  
  97  7:35  Muscular Augments  
  97  7:38  Zerg Ground Armor Level 1, Zerg Missile Weapons Level 1  
  97  7:41  Glial Reconstitution  
  99  7:44  Roach x10  
  99  7:45  Roach x2  
  121  7:59  Drone x5  
  126  8:17  Overlord x5  
  126  8:26  Extractor  
  125  8:33  Hydralisk x6  
  125  8:34  Infestation Pit  
  136  8:36  Overlord x5  
  136  8:58  Drone  
  136  8:59  Drone x11  
  148  9:05  Hydralisk  
  148  9:06  Hydralisk x4  
  158  9:20  Spire  
  158  9:22  Hive  
  157  9:25  Lair  
  157  9:48  Roach x6  
  157  9:50  Roach, Hydralisk  
  157  9:51  Hydralisk x10  
  193  9:55  Extractor  
  193  9:56  Drone x2  
  193  9:57  Extractor  
  193  10:03  Zerg Missile Weapons Level 2  
  193  10:05  Zerg Ground Armor Level 2  
  193  10:54  Overlord x3  
  192  11:09  Spore Crawler  
  192  11:10  Drone x2  
  192  11:11  Drone x6  
  197  11:14  Greater Spire  
  199  12:14  Hatchery  
  198  12:22  Zerg Ground Armor Level 3, Zerg Missile Weapons Level 3  
  200  13:30  Hatchery  
  200  13:31  Viper x3  
  200  13:32  Viper x2  
  198  13:47  Zerg Flyer Armor Level 1  
  198  15:32  Extractor  
  198  15:35  Extractor  
  136  16:15  Corruptor  
  136  16:16  Corruptor x28  
  136  16:17  Corruptor x6  
  164  16:21  Viper  
  164  16:22  Viper x11  
  170  17:04  Extractor  
  170  17:05  Extractor  
Show
View Real Time Build Order
Export as new Build Order

Zippri Protoss - Winner!

Build Orders: Phoenix Opening, Carriers 

Get SALT Encoding   

  12  0:02  Probe  
  14  0:14  Probe  
  14  0:26  Probe  
  15  0:32  Pylon  
  15  0:42  Pylon  
  15  0:50  Probe  
  16  1:03  Probe  
  17  1:05  Gateway  
  17  1:07  Gateway  
  17  1:21  Forge  
  17  1:24  Probe  
  18  1:27  Assimilator  
  18  1:30  Assimilator  
  18  1:38  Probe  
  18  1:46  Probe  
  20  1:55  Cybernetics Core  
  20  1:58  Photon Cannon, Probe  
  21  2:11  Probe  
  22  2:40  Stargate  
  22  2:47  Nexus  
  22  2:48  Probe  
  23  3:03  Pylon  
  23  3:21  Stargate  
  23  3:23  Phoenix  
  25  3:27  Probe  
  26  3:36  Probe  
  26  3:41  Phoenix  
  29  3:59  Probe  
  29  4:00  Probe  
  31  4:04  Phoenix  
  33  4:10  Assimilator  
  33  4:11  Probe, Phoenix  
  33  4:13  Assimilator  
  36  4:30  Phoenix  
  38  4:48  Probe x2  
  40  5:00  Probe x2  
  42  5:18  Probe  
  42  5:19  Probe  
  44  5:30  Probe  
  45  6:04  Probe  
  46  6:16  Void Ray x2  
  54  6:36  Protoss Air Weapons Level 1  
  54  6:50  Fleet Beacon  
  54  6:51  Stargate  
  54  6:55  Stargate  
  54  7:37  Pylon  
  54  7:39  Pylon  
  54  7:41  Pylon  
  54  7:44  Pylon  
  54  7:46  Pylon  
  54  7:47  Pylon  
  54  7:50  Nexus  
  54  7:55  Probe x2, Void Ray  
  54  7:57  Void Ray  
  64  7:59  Carrier  
  64  8:00  Carrier  
  76  8:08  Probe x2  
  78  8:20  Probe x2  
  78  8:21  Shield Battery  
  78  8:23  Shield Battery  
  80  8:32  Probe x2  
  80  8:33  Nexus  
  82  8:42  Carrier  
  82  8:43  Carrier  
  82  8:44  Probe  
  95  8:54  Protoss Air Armor Level 1  
  95  8:55  Probe  
  96  9:05  Carrier  
  102  9:34  Void Ray  
  102  9:38  Pylon  
  102  9:41  Pylon  
  102  9:42  Cybernetics Core, Probe x2  
  102  9:43  Probe  
  109  9:50  Probe  
  109  9:51  Probe  
  111  10:04  Carrier  
  111  10:06  Probe  
  117  10:07  Probe  
  117  10:08  Probe  
  120  10:18  Pylon, Probe  
  121  10:28  Probe x2  
  123  10:30  Probe  
  118  11:05  Probe x2  
  118  11:06  Probe  
  118  11:07  Protoss Air Weapons Level 2  
  118  11:10  Assimilator  
  121  11:12  Carrier x3  
  121  11:15  Assimilator  
  139  11:24  Pylon  
  139  11:26  Pylon  
  139  11:38  Shield Battery  
  139  11:41  Protoss Air Armor Level 2  
  139  11:42  Carrier  
  139  11:44  Shield Battery  
  139  11:46  Shield Battery  
  145  11:50  Probe x2  
  147  12:05  Probe x2  
  149  12:13  Nexus  
  149  12:23  Shield Battery  
  149  12:24  Shield Battery  
  149  12:27  Photon Cannon  
  149  12:28  Void Ray x2  
  149  12:29  Photon Cannon  
  149  12:33  Pylon  
  149  12:34  Pylon  
  156  12:47  Carrier x2  
  168  13:17  Probe x2  
  170  13:20  Photon Cannon  
  170  13:21  Photon Cannon  
  170  13:24  Photon Cannon  
  170  13:26  Photon Cannon, Protoss Air Weapons Level 3  
  170  13:35  Nexus  
  170  13:43  Robotics Facility  
  170  14:04  Protoss Air Armor Level 3, Pylon  
  170  14:05  Pylon  
  170  14:22  Carrier  
  170  14:23  Carrier x2  
  188  14:27  Observer  
  189  15:08  Probe  
  189  15:13  Probe x3  
  193  15:17  Pylon  
  193  15:19  Pylon  
  193  15:22  Pylon  
  193  15:39  Shield Battery  
  193  15:41  Shield Battery  
  193  15:43  Shield Battery  
  193  15:44  Probe x3  
  193  15:46  Shield Battery  
  193  15:48  Shield Battery, Assimilator  
  196  15:50  Photon Cannon  
  196  15:51  Photon Cannon  
  196  15:52  Assimilator  
  196  15:54  Photon Cannon  
  196  15:56  Photon Cannon  
  196  15:58  Void Ray  
  196  16:00  Photon Cannon  
  196  16:01  Photon Cannon  
Tags
 
Add a new tag
Caveats
  • Supply blocks, unpowered buildings, or Contaminate may cause inaccurate times.
  • Supply counts are checked every 10 seconds.